 Dungeon Crawl Stone Soup version 0.25.0-15-gac7dcb8919 (webtiles) character file.

Game seed: 15160102868014479467

90 Curus the Cudgeler (level 4, -1/39 HPs)
             Began as a Hill Orc Monk on June 28, 2020.
             Slain by an orc wizard
             ... wielding a +2 dagger of speed
              (3 damage)
             ... on level 2 of the Dungeon.
             The game lasted 00:11:29 (2695 turns).

Curus the Cudgeler (Hill Orc Monk)                  Turns: 2695, Time: 00:11:29

Health: -1/39      AC: 11    Str: 13      XL:     4   Next: 56%
Magic:  4/4        EV:  3    Int:  9 (10) God:
Gold:   145        SH:  0    Dex: 13 (14) Spells: 3/3 levels left

rFire    . . .     SeeInvis .   a - +0 mace
rCold    . . .     Gourm    .   (no shield)
rNeg     . . .     Faith    .   f - +0 plate armour
rPois    .         Spirit   .   (no helmet)
rElec    .         Reflect  .   (no cloak)
rCorr    .         Harm     .   (no gloves)
MR       .....                  e - +0 pair of boots
Stlth    ..........             (no amulet)
HPRegen  0.13/turn              (no ring)
MPRegen  0.09/turn              (no ring)

@: no status effects
A: no striking features
a: no special abilities


You were on level 2 of the Dungeon.
You were not hungry.

You visited 1 branch of the dungeon, and saw 3 of its levels.

You collected 145 gold pieces.

Inventory:

Hand Weapons
 a - a +0 mace (weapon)
Armour
 b - a +1 robe
 e - a +0 pair of boots (worn)
 f - a +0 plate armour (worn)
Scrolls
 g - a scroll of blinking
Comestibles
 c - 5 rations


   Skills:
 - Level 3.6 Fighting
 + Level 5.7 Maces & Flails
 - Level 2.4 Dodging
 - Level 1.5 Stealth


You had 3 spell levels left.
You didn't know any spells.
Your spell library was empty.

Dungeon Overview and Level Annotations

Branches:
Dungeon (3/15)

Altars:
Ashenzari
Dithmenos
Elyvilon
Kikubaaqudgha
Nemelex Xobeh
Ru
Sif Muna
The Shining One


Message History

You kill the orc!
You feel your strength returning. Something hits you but does no damage.
Deactivating autopickup; reactivate with Ctrl-A.
You see here a +1 hand axe of flaming.
You miss something.
Something hits you but does no damage. x2
Your plate armour prevents you from hitting something.
You hear some strange, mumbled words.
A magic dart appears from out of thin air!
The magic dart hits you but does no damage.
You miss something.
You hear some strange, mumbled words.
A magic dart appears from out of thin air!
The magic dart hits you.
* * * LOW HITPOINT WARNING * * *
You closely miss something. Something hits you but does no damage.
You miss something.
Something hits you but does no damage. x2
Your plate armour prevents you from hitting something.
Something hits you.
You die...

#..........##.........#
#...............#####..
#..........###..######.
#..........# ##........
#..........# #...#####.
##############..### #.
#........##.......####.
#.....{>.#.....#.....<.
#.....@....#...#.###...
#.........##...#.# #...
#........###...#.# #...
#........# #...#.# #..<
#........# #.....###...
#........# #......##...
#.....(..###.......#...
###.......#####........
#..._...#.# ##..#####


There were no monsters in sight!

Vanquished Creatures
  A worker ant (D:2)
  2 adders (D:2)
  An ooze (D:1)
  2 worms
  2 leopard geckos
  2 orcs
  A bat (D:1)
  5 goblins
  2 jackals (D:2)
  6 kobolds
  3 frilled lizards
  10 rats
37 creatures vanquished.

Notes
Turn   | Place    | Note
-------+----------+-------------------------------------------
     0 | D:1      | Curus the Hill Orc Monk began the quest for the Orb.
     0 | D:1      | Reached XP level 1. HP: 19/19 MP: 1/1
   339 | D:1      | Reached skill level 4 in Maces & Flails
   339 | D:1      | Reached XP level 2. HP: 24/26 MP: 2/2
   917 | D:2      | Reached XP level 3. HP: 19/31 MP: 3/3
  1361 | D:2      | Reached skill level 5 in Maces & Flails
  1589 | D:2      | Found a shimmering blue altar of Sif Muna.
  1590 | D:2      | Found a sparkling altar of Nemelex Xobeh.
  1592 | D:2      | Found an ancient bone altar of Kikubaaqudgha.
  1592 | D:2      | Found a shadowy altar of Dithmenos.
  1594 | D:2      | Found a glowing golden altar of the Shining One.
  1597 | D:2      | Reached XP level 4. HP: 39/39 MP: 4/4
  1607 | D:2      | Found a shattered altar of Ashenzari.
  1807 | D:2      | Found a sacrificial altar of Ru.
  1838 | D:2      | Found a white marble altar of Elyvilon.
  2695 | D:2      | Slain by an orc wizard

Illustrated notes

Levels and vault maps discovered:
D:1:      dpeg_arrival_simpleton_a, layout_basic, serial_bayou,
          serial_bayou_lagoon_a, serial_bayou_pond_e, serial_bayou_crossing,
          serial_bayou_pond_e, serial_bayou_ford_a, serial_bayou_pond_e
D:2:      layout_rooms, grunt_temple_overflow_open,
          nicolae_overflow_crystal_walls, first_ration, nicolae_ru_path_of_blood
D:3:      layout_loops_corners

Skill      XL: |  1  2  3 |
---------------+----------+-----
Maces & Flails | 4 5 |  5.7
Fighting       | |  3.6
Dodging        | |  2.4
Stealth        | |  1.5

Action                   |  1- 3 |  4- 6 || total
-------------------------+-------+-------++-------
Melee: Mace              |    95 |   291 ||   386
  Use: Scroll            |     4 |     2 ||     6
       Potion            |     5 |     2 ||     7
 Stab: Sleeping          |     1 |       ||     1
  Eat: Chunk             |     1 |     3 ||     4
       Ration            |       |     1 ||     1
Armor: Robe              |    12 |       ||    12
       Plate armour      |    84 |   211 ||   295
Dodge: Dodged            |    32 |    41 ||    73
